Map: Triton LE

Players

Mannered - Winner!

  • Race: Terran Terran
  • League: Diamond
  • Spawn Location: 5:00

Gokhan

  • Race: Protoss Protoss
  • League: Diamond
  • Spawn Location: 11:00

VOD

Have the link to the VOD?

Description

Time

  • Played on: Oct. 5, 2019, 3:32 p.m.
  • Length: 24:35
Show
View Real Time Build Order
Export as new Build Order

Mannered Terran - Winner!

Build Orders: Gas First Reaper Expand 

Get SALT Encoding   

  12  0:00  SCV  
  13  0:13  SCV  
  14  0:17  Supply Depot  
  14  0:25  SCV  
  15  0:29  Refinery  
  15  0:38  SCV  
  16  0:45  Barracks  
  16  0:50  SCV  
  17  1:02  SCV  
  18  1:14  SCV  
  19  1:34  Orbital Command  
  19  1:35  Reaper  
  20  1:46  Command Center  
  20  1:58  Supply Depot  
  20  1:59  SCV  
  21  2:07  Marine  
  22  2:12  SCV  
  23  2:24  SCV  
  23  2:26  Bunker  
  23  2:27  Factory, Barracks Reactor  
  24  2:35  Refinery  
  24  2:36  SCV  
  25  2:48  SCV  
  26  2:58  Orbital Command  
  26  3:00  SCV  
  27  3:07  Marine x2  
  27  3:11  Factory Tech Lab  
  29  3:21  Orbital Command  
  29  3:25  Marine x2  
  29  3:43  Marine x2  
  29  3:47  Cyclone  
  34  3:52  SCV x2  
  36  3:58  Starport  
  36  4:00  Barracks  
  36  4:02  Barracks  
  36  4:06  Marine x2  
  39  4:17  SCV x2  
  39  4:21  Supply Depot x2  
  38  4:33  SCV x2  
  38  4:37  Starport Reactor  
  40  4:39  Marine x2  
  40  4:45  SCV x2  
  44  4:50  Barracks Tech Lab x2  
  44  4:54  Barracks  
  44  4:55  Barracks  
  44  4:57  SCV  
  44  4:59  Engineering Bay  
  45  5:00  Siege Tank  
  45  5:01  Marine  
  45  5:02  Marine, SCV  
  51  5:09  SCV  
  51  5:12  Stimpack  
  51  5:14  Medivac x2  
  56  5:16  Marine x2  
  56  5:19  Marine x2  
  56  5:20  SCV  
  61  5:21  SCV  
  62  5:29  Terran Infantry Weapons Level 1  
  62  5:38  Refinery  
  62  5:43  Barracks Tech Lab  
  62  5:44  Barracks Reactor  
  62  5:55  Supply Depot x2  
  62  6:00  Supply Depot x2  
  62  6:04  Command Center  
  62  6:16  Medivac x2, Marine x3  
  62  6:17  Marine, SCV x2  
  72  6:29  SCV x2  
  74  6:33  Refinery  
  74  6:35  Engineering Bay  
  74  6:36  Armory  
  74  6:41  SCV x2  
  75  6:51  Marine x2, Marauder x2  
  75  6:52  Marine x2, Marauder  
  81  7:08  Marine  
  81  7:09  Marine x2  
  81  7:10  Marine  
  81  7:13  Marauder  
  79  7:17  SCV  
  79  7:18  SCV, Orbital Command  
  79  7:21  Terran Infantry Armor Level 1  
  73  7:23  Marauder x2  
  73  7:25  Terran Infantry Weapons Level 2  
  73  7:26  Marine  
  73  7:27  Marine  
  79  7:34  Marauder  
  79  7:36  Siege Tank  
  84  7:42  SCV x2  
  84  7:43  Orbital Command  
  86  8:01  Supply Depot, SCV x2  
  86  8:02  Supply Depot  
  86  8:09  Medivac x2, Siege Tank  
  86  8:10  Marine, Marauder  
  86  8:11  Marine x5  
  81  8:28  Marine x2  
  81  8:29  Marine x2, Marauder  
  81  8:30  Marauder  
  81  8:31  Marine  
  71  8:46  Marine  
  56  8:55  SCV  
  56  8:56  SCV x2  
  55  9:08  SCV x2  
  57  9:15  SCV, Marauder x2  
  62  9:20  SCV x2  
  64  9:27  SCV  
  65  9:38  SCV x2  
  65  9:39  SCV  
  67  9:50  Terran Infantry Weapons Level 3, SCV x2  
  67  9:51  Terran Infantry Armor Level 2, SCV  
  68  9:56  Marine  
  69  10:02  SCV  
  69  10:03  SCV  
  69  10:04  SCV  
  72  10:14  Concussive Shells, Combat Shield, SCV  
  73  10:22  Marine x3, Marauder x2  
  73  10:23  Marine, Marauder  
  84  10:28  SCV x2  
  84  10:29  SCV  
  86  10:40  Marine x4, SCV  
  91  10:44  Marauder x3  
  97  10:54  Refinery x2  
  97  10:56  Siege Tank  
  90  10:58  Marine x3  
  90  10:59  SCV x2  
  95  11:04  Supply Depot  
  95  11:05  Supply Depot, Marauder x3  
  95  11:06  Supply Depot  
  95  11:08  Missile Turret  
  95  11:11  SCV x2  
  91  11:26  Marauder  
  91  11:27  Marauder x2  
  91  11:28  Siege Tank, Supply Depot, Marine  
  91  11:29  Marine x2  
  89  11:48  Marauder x2  
  89  11:51  Orbital Command  
  79  11:56  Marine x5  
  84  12:01  SCV x2  
  86  12:09  Marine x2  
  86  12:10  Medivac x2  
  86  12:13  SCV x2  
  86  12:14  Terran Infantry Armor Level 3  
  94  12:16  Command Center  
  94  12:20  SCV  
  95  12:23  Starport  
  95  12:25  SCV x2  
  97  12:32  Siege Tank  
  97  12:34  Drilling Claws  
  100  12:38  Marine x6  
  100  12:39  Marine  
  100  12:40  Medivac x2  
  111  12:56  Marine x3  
  111  12:57  Marine x4  
  120  13:09  Starport Reactor  
  120  13:10  Medivac  
  120  13:14  Marine x4  
  120  13:15  Marine, Marauder x2  
  120  13:16  Barracks  
  120  13:17  Barracks  
  129  13:32  Marine x5  
  134  13:36  Marine x2  
  136  13:44  Medivac x2  
  140  13:50  Marine x5  
  140  13:52  Supply Depot x2  
  140  13:53  Planetary Fortress, Supply Depot  
  140  13:54  Marine  
  140  13:55  Marauder  
  148  14:00  Sensor Tower  
  148  14:02  Sensor Tower  
  148  14:07  Marine  
  148  14:08  Marine x3  
  148  14:09  Marauder  
  154  14:11  SCV  
  154  14:12  SCV x2, Marauder  
  154  14:14  Medivac  
  154  14:15  Marine  
  154  14:16  Refinery x2  
  162  14:18  Barracks Tech Lab, Barracks Reactor  
  162  14:24  Barracks, SCV x3  
  163  14:25  Marine x2  
  163  14:30  Marauder  
  167  14:38  SCV x4  
  161  14:41  Viking, Refinery x2  
  161  14:42  Viking  
  157  14:50  SCV x2  
  159  15:10  SCV x3  
  159  15:11  Viking x2  
  159  15:12  Viking x2  
  170  15:26  Liberator  
  170  15:27  Marauder  
  170  15:28  Marauder x2  
  176  15:29  Marine  
  170  15:41  Viking x2  
  170  15:42  Viking  
  172  15:49  Factory  
  170  15:54  Liberator  
  169  16:18  Command Center  
  169  16:27  Terran Vehicle Weapons Level 1  
  168  16:45  Liberator x2  
  168  16:46  Liberator x2  
  152  17:00  Siege Tank, Factory Tech Lab  
  155  17:04  Marine  
  155  17:05  Marine x9  
  177  17:22  Marine x4  
  178  17:23  Marine x4  
  185  17:32  Siege Tank  
  185  17:33  Refinery  
  188  17:37  Refinery, Barracks Reactor  
  188  17:38  Fusion Core  
  188  17:39  Marine  
  188  17:40  Marine, Marauder  
  188  17:41  Marauder  
  183  17:52  Siege Tank  
  183  17:56  Liberator  
  183  17:57  Liberator  
  176  18:03  Marine, Marauder x2  
  176  18:04  Siege Tank  
  165  18:15  Marine x4  
  165  18:16  Marine x2  
  166  18:24  Siege Tank  
  162  18:33  Planetary Fortress  
  141  18:36  Siege Tank  
  140  18:56  Siege Tank  
  138  19:26  Command Center  
  138  19:56  SCV  
  139  20:08  SCV  
  139  20:10  Command Center  
  140  20:20  SCV  
  124  20:31  SCV  
  124  20:32  SCV  
  126  20:43  SCV  
  126  20:45  SCV  
  128  20:55  SCV  
  128  20:57  SCV  
  116  21:14  SCV x2  
  116  21:15  Marine  
  116  21:16  Marine x3, Marauder x3  
  116  21:17  Marine x5  
  109  21:31  Liberator x2  
  95  21:33  Marine  
  95  21:34  Marine x3  
  105  21:57  Orbital Command  
  105  22:02  Orbital Command  
  105  22:07  SCV  
  106  22:18  Marauder x2  
  106  22:19  Marine x3, SCV, Marauder x2  
  106  22:20  Marine  
  116  22:31  SCV, Orbital Command  
  117  22:40  Marauder x4  
  117  22:41  Refinery x2  
  117  22:43  SCV  
  126  22:45  SCV x2  
  128  22:55  SCV  
  128  22:56  Viking x2  
  128  22:57  SCV x2  
  135  23:01  Marauder  
  137  23:07  SCV  
  137  23:09  SCV  
  137  23:11  Refinery  
  139  23:13  Refinery  
  139  23:21  Liberator x2  
  139  23:35  Marauder x2  
  131  23:58  Siege Tank  
  131  23:59  Marine  
  131  24:00  Marine x11  
  133  24:17  Marine x5  
Show
View Real Time Build Order
Export as new Build Order

Gokhan Protoss 

Build Orders: Oracle Opening 

Get SALT Encoding   

  12  0:00  Probe  
  13  0:12  Probe  
  14  0:18  Pylon  
  14  0:26  Probe (Chrono Boost)  
  15  0:36  Gateway  
  15  0:38  Probe (Chrono Boost)  
  16  0:47  Probe (Chrono Boost)  
  17  0:50  Assimilator  
  17  0:53  Probe  
  18  1:05  Probe (Chrono Boost)  
  19  1:17  Probe (Chrono Boost)  
  20  1:24  Cybernetics Core  
  20  1:25  Probe (Chrono Boost)  
  21  1:31  Probe  
  22  1:43  Probe  
  22  1:46  Pylon  
  23  2:01  Warp Gate  
  23  2:03  Assimilator  
  23  2:04  Stalker, Probe  
  26  2:10  Nexus  
  26  2:18  Pylon  
  26  2:25  Probe  
  27  2:34  Stalker  
  29  2:56  Probe  
  30  2:59  Gateway  
  30  3:00  Stargate  
  30  3:04  Stalker  
  32  3:21  Twilight Council  
  32  3:42  Oracle (Chrono Boost)  
  33  3:49  Probe (Chrono Boost)  
  35  3:56  Probe (Chrono Boost)  
  35  4:01  Gateway  
  36  4:04  Probe (Chrono Boost)  
  36  4:05  Assimilator  
  36  4:06  Forge  
  36  4:10  Probe (Chrono Boost)  
  36  4:16  Stalker  
  40  4:20  Probe x2 (Chrono Boost)  
  41  4:25  Probe (Chrono Boost)  
  41  4:29  Probe (Chrono Boost)  
  40  4:34  Blink (Chrono Boost), Pylon  
  40  4:35  Protoss Ground Weapons Level 1 (Chrono Boost)  
  40  4:36  Probe (Chrono Boost)  
  41  4:42  Gateway  
  41  4:43  Probe (Chrono Boost)  
  41  4:44  Probe (Chrono Boost)  
  43  4:51  Probe x2  
  45  4:55  Stalker  
  45  4:56  Stalker  
  49  5:01  Pylon  
  49  5:06  Robotics Facility  
  49  5:08  Probe  
  49  5:12  Assimilator  
  50  5:16  Shield Battery  
  50  5:24  Probe  
  50  5:26  Pylon  
  51  5:29  Shield Battery  
  51  5:44  Probe  
  51  5:45  Stalker x2  
  51  5:46  Stalker x2  
  60  5:53  Observer  
  61  5:59  Photon Cannon  
  60  6:14  Gateway  
  60  6:15  Gateway  
  60  6:18  Immortal  
  64  6:20  Forge  
  64  6:23  Charge (Chrono Boost)  
  64  6:27  Sentry  
  64  6:28  Zealot x2  
  70  6:51  Protoss Ground Weapons Level 2 (Chrono Boost)  
  70  6:53  Stalker x3  
  75  7:00  Zealot  
  62  7:24  Phoenix  
  62  7:26  Probe  
  65  7:30  Warp Prism  
  65  7:31  Zealot x2, Nexus  
  72  7:37  Probe (Chrono Boost)  
  72  7:43  Pylon  
  72  7:44  Probe (Chrono Boost)  
  73  8:06  Protoss Ground Armor Level 1 (Chrono Boost)  
  69  8:23  Probe x2  
  69  8:24  Immortal  
  69  8:27  Stalker  
  69  8:28  Stalker x2  
  73  8:35  Probe  
  73  8:38  Zealot x2  
  68  8:42  Stalker  
  56  9:07  Probe  
  53  9:14  Stalker x2, Robotics Bay  
  53  9:15  Probe  
  57  9:19  Probe  
  57  9:23  Stalker  
  54  9:32  Stalker x2  
  58  9:42  Zealot x2  
  64  9:46  Probe (Chrono Boost)  
  64  9:47  Probe (Chrono Boost)  
  64  9:49  Probe (Chrono Boost)  
  65  9:56  Zealot x2  
  70  10:00  Probe (Chrono Boost)  
  70  10:06  Templar Archives  
  70  10:08  Probe  
  71  10:23  Probe  
  71  10:24  Photon Cannon  
  72  10:28  Pylon  
  72  10:30  Pylon  
  72  10:35  Probe (Chrono Boost)  
  74  10:44  Probe (Chrono Boost)  
  74  10:45  Probe (Chrono Boost)  
  75  10:50  Stalker x4  
  83  11:00  Probe (Chrono Boost)  
  83  11:03  Colossus (Chrono Boost)  
  83  11:04  Pylon  
  86  11:07  Probe (Chrono Boost)  
  86  11:08  Probe (Chrono Boost)  
  92  11:22  Zealot x3  
  92  11:23  Zealot x2  
  84  11:33  Stalker  
  66  11:57  Colossus (Chrono Boost)  
  66  11:58  High Templar x2  
  66  11:59  Extended Thermal Lance (Chrono Boost), Zealot x3, High Templar  
  66  12:00  Probe  
  85  12:08  Photon Cannon  
  85  12:09  Pylon  
  85  12:12  Probe x2  
  85  12:13  Gateway  
  85  12:14  Assimilator  
  87  12:20  Pylon  
  87  12:21  Protoss Ground Weapons Level 3 (Chrono Boost)  
  87  12:33  Probe x2  
  87  12:34  Colossus  
  89  12:39  Assimilator  
  89  12:50  Zealot, High Templar  
  89  12:51  Zealot x3  
  105  13:00  Gateway  
  105  13:03  Pylon  
  105  13:09  Nexus  
  105  13:11  Pylon  
  105  13:17  Probe, Shield Battery  
  106  13:24  High Templar  
  106  13:25  Protoss Ground Armor Level 2 (Chrono Boost), Zealot  
  106  13:26  Observer  
  110  13:29  Observer  
  111  13:54  High Templar x2  
  111  13:55  Zealot x5  
  125  14:08  Nexus  
  125  14:10  Pylon  
  125  14:17  Pylon x2  
  125  14:18  Pylon  
  125  14:19  Photon Cannon  
  125  14:24  Photon Cannon  
  124  14:26  Colossus (Chrono Boost), Pylon  
  124  14:30  Nexus  
  128  14:43  High Templar  
  128  14:44  Zealot x3, High Templar  
  138  14:52  Robotics Facility  
  138  15:02  Observer  
  138  15:18  Colossus  
  138  15:19  Stalker x4  
  138  15:20  Stalker  
  150  15:30  Stalker  
  150  15:31  Stalker x2  
  156  15:37  Photon Cannon  
  156  15:40  Shield Battery, Protoss Shields Level 1 (Chrono Boost)  
  147  15:57  Photon Cannon  
  147  15:58  Shield Battery  
  147  16:00  Probe (Chrono Boost)  
  147  16:03  Observer, High Templar  
  152  16:05  Probe (Chrono Boost)  
  152  16:12  High Templar x4  
  160  16:19  Pylon  
  143  16:53  Stalker  
  143  16:54  Stalker x4  
  128  16:59  Psionic Storm, Zealot x3  
  134  17:08  Archon  
  135  17:15  Probe  
  135  17:18  Assimilator  
  135  17:20  Assimilator  
  135  17:24  Warp Prism (Chrono Boost)  
  136  17:34  Photon Cannon  
  136  17:35  Photon Cannon  
  132  17:53  Stalker x3  
  117  18:13  Archon x3  
  107  18:22  Gateway  
  107  18:25  Gateway  
  91  18:37  Stalker x3  
  89  19:06  Templar Archives  
  86  19:21  Pylon  
  86  19:23  Pylon, Nexus  
  82  19:41  Pylon  
  82  19:45  Observer  
  82  19:46  Pylon  
  82  19:47  Pylon  
  82  19:49  Pylon  
  82  20:12  Pylon  
  82  20:30  Pylon, Probe  
  76  20:46  High Templar x2  
  80  20:51  Observer  
  80  20:54  Archon  
  66  21:16  Gateway  
  38  21:36  Zealot x2  
  38  21:41  Cybernetics Core  
  38  21:52  Forge  
  38  21:54  Gateway  
  38  22:01  Gateway  
  35  22:14  Gateway  
  34  22:18  Stalker  
  34  22:19  Stalker x2  
  38  22:26  Probe  
  38  22:28  Probe  
  39  22:38  Gateway  
  39  22:42  High Templar x2  
  43  22:46  Archon  
  42  22:53  High Templar  
  44  23:05  Zealot  
  46  23:06  Probe  
  46  23:11  Stalker  
  49  23:20  Probe x2  
  51  23:33  Zealot  
  49  23:56  Stalker x2  
Tags
 
Add a new tag
Caveats
  • Supply blocks, unpowered buildings, or Contaminate may cause inaccurate times.
  • Supply counts are checked every 10 seconds.